 Dungeon Crawl Stone Soup version 0.27-a0-1196-g3e9cee4cb2 (webtiles) character file.

Game seed: 12545024421168478392

3605 Majang the Ruffian (level 9, 0/69 HPs)
             Began as a Demonspawn Gladiator on May 28, 2021.
             Was a Priest of Cheibriados.
             Slain by a four-headed hydra (3 damage)
             ... on level 7 of the Dungeon.
             The game lasted 00:31:26 (7566 turns).

Majang the Ruffian (Demonspawn Gladiator)           Turns: 7566, Time: 00:31:27

Health: 0/69       AC: 10    Str: 23 (25) XL:     9   Next: 86%
Magic:  10/14      EV: 14    Int: 15 (17) God:    Cheibriados [***...]
Gold:   167        SH:  0    Dex: 21 (24) Spells: 8/8 levels left

rFire    . . .     SeeInvis .     - Unarmed
rCold    . . .     Faith    .   (no shield)
rNeg     . . .     Spirit   .   j - +3 scale mail {Will+}
rPois    .         Reflect  .   (helmet restricted)
rElec    .         Harm     .   (no cloak)
rCorr    .         Rampage  .   (no gloves)
Will     +....                  (no boots)
Stlth    ..........             (no amulet)
HPRegen  1.21/turn              (no ring)
MPRegen  0.14/turn              (no ring)

@: marked, flying, very slow
A: antennae 2, claws 1, hooves 1, powered by death 2
a: Renounce Religion, Bend Time, Temporal Distortion


You were on level 7 of the Dungeon.
You worshipped Cheibriados.
Cheibriados was most pleased with you.
You visited 2 branches of the dungeon, and saw 8 of its levels.

You collected 487 gold pieces.
You spent 320 gold pieces at shops.

Inventory:

Hand Weapons
 a - a +1 war axe
 b - the +7 dagger of the Heavens {vorpal, rPois rN+ Str+6 Dex-3}
   (You found it on level 7 of the Dungeon)

   It inflicts extra damage upon your enemies.
   It affects your strength (+6).
   It affects your dexterity (-3).
   It protects you from poison.
   It protects you from negative energy.
Missiles
 h - 2 javelins (quivered)
 p - 19 poisoned darts
 q - 3 boomerangs
Armour
 g - the +1 scale mail "Udinuleu" {+Inv Will- Str+2}
   (You bought it in a shop on level 7 of the Dungeon)

   It affects your strength (+2).
   It lets you turn invisible.
   It decreases your willpower.
 i - a +0 chain mail
 j - a +3 scale mail of willpower (worn)
 B - a +2 ring mail of cold resistance
 C - a +0 plate armour
Wands
 o - a wand of paralysis (11)
 r - a wand of iceblast (9)
 u - a wand of polymorph (7)
 A - a wand of mindburst (7)
 D - a wand of charming (9)
Scrolls
 e - a scroll of teleportation
 f - 4 scrolls of enchant armour {unknown}
 l - a scroll of blinking {unknown}
 s - a scroll of noise
 y - a scroll of torment {unknown}
Potions
 k - 2 potions of mutation
 m - a potion of cancellation
 n - 2 potions of curing
 t - a potion of brilliance
 x - a potion of flight
 E - a potion of invisibility {unknown}


   Skills:
 + Level 6.1 Fighting
 - Level 3.0 Axes
 + Level 2.4 Throwing
 + Level 5.0 Armour
 + Level 5.9 Dodging
 * Level 7.3 Unarmed Combat
 + Level 6.9 Invocations


You had 8 spell levels left.
You didn't know any spells.
Your spell library contained the following spells:

 Spells                   Type           Power      Damage    Failure   Level
 Animate Skeleton         Necr           0%         N/A       54%         1
 Apportation              Tloc           0%         N/A       54%         1
 Corona                   Hex            0%         N/A       54%         1
 Pain                     Necr           0%         1d4       54%         1
 Summon Small Mammal      Summ           0%         N/A       54%         1
 Ensorcelled Hibernation  Hex/Ice        0%         N/A       67%         2
 Confusing Touch          Hex            0%         N/A       88%         3
 Dazzling Flash           Conj/Hex       0%         N/A       88%         3
 Tukima's Dance           Hex            0%         N/A       88%         3
 Vampiric Draining        Necr           0%         2d6       88%         3
 Animate Dead             Necr           0%         N/A       99%         4
 Agony                    Necr           0%         N/A       100%        5


Dungeon Overview and Level Annotations

Branches:
Dungeon (7/15)             Temple (1/1) D:4

Altars:
Ashenzari
Cheibriados
Dithmenos
Elyvilon
Gozag
Hepliaklqana
Kikubaaqudgha
Makhleb
Nemelex Xobeh
Okawaru
Qazlal
Ru
Sif Muna
Trog
Uskayaw
Vehumet
Wu Jian
Xom
Yredelemnul
Zin
The Shining One

Shops:
D:7 [


Innate Abilities, Weirdness & Mutations

You have a pair of antennae on your head.
You have sharp fingernails.
You have large cloven feet.
You regenerate health from kills.


Message History

The four-headed hydra bites you!
The four-headed hydra bites you but does no damage.
The four-headed hydra bites you.
The four-headed hydra closely misses you.
It was a potion of magic.
Magic courses through your body.
The orc priest invokes the aid of Beogh against you.
Beogh smites you!
* * * LOW HITPOINT WARNING * * *
The four-headed hydra bites you but does no damage.
The four-headed hydra bites you!
* * * LOW HITPOINT WARNING * * *
The four-headed hydra completely misses you.
The four-headed hydra bites you.
* * * LOW HITPOINT WARNING * * *
You can feel time thicken for a moment.
You kill the orc priest!
Cheibriados appreciates the change of pace.
You can no longer inflict damage on those overly hasty.
Cheibriados lowers the support of your attributes as your movement quickens.
An orc comes into view. It is wielding a +0 club.
The four-headed hydra bites you but does no damage. x2
The four-headed hydra closely misses you.
The four-headed hydra completely misses you.
Okay, then.
Okay, then.
Okay, then.
You scratch the four-headed hydra. You kick the four-headed hydra.
The four-headed hydra is almost dead.
The four-headed hydra misses you.
The four-headed hydra barely misses you.
The four-headed hydra bites you but does no damage.
The four-headed hydra closely misses you.
You scratch the four-headed hydra but do no damage.
You kick the four-headed hydra.
The four-headed hydra is almost dead.
The four-headed hydra bites you.
* * * LOW HITPOINT WARNING * * *
The four-headed hydra bites you but does no damage.
The four-headed hydra bites you.
You die...

*,*, *,*, #****** *,*, .,,**,**
*,*, ##.#,*,** *,*, ....#*#,*
*,*, *#.#.#.** *,*,
#.##.############## *,*,
#.##.#........[@Do# *,*,
#.##.#.##########o# *,*,
##.##.#.########**,# *,*,
....#.#.........**{*** ***** *,*,
##..#.#.#######.**{,,***,,,***,*,
........# *,*,,*,,*,,*,,**,*,
.∩.#..#.# ****,,,,**,,,**,,,*,*,
.....##.#***,,,,,,,***,***,,,,,*,
.#...##.#,,,,,,,***,**,**,***,,*,


You could see a four-headed hydra, an orc warrior and an orc.

Vanquished Creatures
  Harold (D:7)
  A troll (D:7)
  Sigmund (D:6)
  A wraith (D:7)
  Edmund (D:5)
  Duvessa (D:7)
  A sky beast (D:7)
  An ice beast (D:6)
  2 necrophages (D:6)
  An ogre (D:7)
  A centaur (D:5)
  A phantom (D:6)
  2 bullfrogs (D:7)
  4 scorpions
  Dowan (D:7)
  A water moccasin zombie (D:6)
  A water moccasin skeleton (D:4)
  A wight (D:6)
  A howler monkey (D:6)
  A centaur zombie (D:4)
  2 bullfrog zombies
  An orc priest (D:7)
  A centaur skeleton (D:5)
  2 gnoll shamans
  3 hounds
  A bullfrog skeleton (D:4)
  4 iguanas
  2 orc wizards
  5 scorpion zombies (D:4)
  4 hound zombies (D:4)
  A howler monkey zombie (D:4)
  10 adders
  9 gnolls
  A howler monkey skeleton (D:5)
  A shadow imp (D:4)
  3 white imps (D:6)
  An ufetubus (D:6)
  7 adder zombies (D:4)
  3 adder skeletons (D:4)
  2 worms
  2 dart slugs
  14 orcs
  4 bats
  6 endoplasms
  5 giant cockroaches
  14 goblins
  6 hobgoblins
  7 jackals
  6 kobolds
  3 quokkas
  A ball python (D:3)
  2 frilled lizards (D:3)
  7 rats
165 creatures vanquished.

Vanquished Creatures (others)
  25 withered plants (D:4)
25 creatures vanquished.

Grand Total: 190 creatures vanquished

Notes
Turn   | Place    | Note
-------+----------+-------------------------------------------
     0 | D:1      | Majang the Demonspawn Gladiator began the quest for the
                  | Orb.
     0 | D:1      | Reached XP level 1. HP: 16/16 MP: 1/1
   202 | D:1      | Found a faded altar of an unknown god.
  1189 | D:2      | Gained mutation: You have a pair of small antennae on your
                  | head. [demonic ancestry]
  1189 | D:2      | Reached XP level 2. HP: 22/22 MP: 2/2
  1497 | D:2      | Reached skill level 1 in Unarmed Combat
  1497 | D:2      | Gained mutation: You have large cloven feet. [demonic
                  | ancestry]
  1497 | D:2      | Reached XP level 3. HP: 28/28 MP: 3/3
  1584 | D:2      | Reached skill level 1 in Armour
  1812 | D:2      | Found a snail-covered altar of Cheibriados.
  1820 | D:2      | Became a worshipper of Cheibriados the Contemplative
  2058 | D:3      | Gained mutation: You have sharp fingernails. [demonic
                  | ancestry]
  2058 | D:3      | Reached XP level 4. HP: 29/34 MP: 4/4
  2190 | D:3      | Reached * piety under Cheibriados
  2668 | D:3      | Found a burning altar of Makhleb.
  2718 | D:3      | Found a sacrificial altar of Ru.
  2961 | D:4      | Reached skill level 2 in Unarmed Combat
  2961 | D:4      | Reached skill level 1 in Invocations
  2961 | D:4      | Gained mutation: You have a pair of antennae on your head.
                  | [demonic ancestry]
  2961 | D:4      | Reached XP level 5. HP: 30/40 MP: 5/5
  3093 | D:4      | Found a sparkling altar of Nemelex Xobeh.
  3232 | D:4      | HP: 1/41 [scorpion zombie (4)]
  3271 | D:4      | Reached ** piety under Cheibriados
  3272 | D:4      | Reached XP level 6. HP: 24/47 MP: 7/7
  3357 | D:4      | Reached skill level 3 in Unarmed Combat
  3482 | D:4      | Noticed an angel
  3485 | D:4      | Found a shimmering altar of Xom.
  3618 | D:4      | Found a staircase to the Ecumenical Temple.
  3622 | Temple   | Entered the Ecumenical Temple
  3967 | D:4      | Found an iron altar of Okawaru.
  4124 | D:4      | Gained mutation: You regenerate a little health from kills.
                  | [demonic ancestry]
  4124 | D:4      | Reached XP level 7. HP: 48/53 MP: 9/9
  4215 | D:4      | Found an opulent altar of Gozag.
  4315 | D:4      | Reached *** piety under Cheibriados
  4663 | D:5      | Entered Level 5 of the Dungeon
  4671 | D:5      | Reached skill level 4 in Unarmed Combat
  4832 | D:5      | Noticed Edmund
  4849 | D:5      | Killed Edmund
  5072 | D:5      | Gained mutation: You regenerate health from kills. [demonic
                  | ancestry]
  5072 | D:5      | Reached XP level 8. HP: 60/60 MP: 11/11
  5762 | D:5      | Found a shimmering blue altar of Sif Muna.
  5883 | D:6      | Noticed Sigmund
  5888 | D:6      | Killed Sigmund
  5889 | D:6      | Reached skill level 5 in Unarmed Combat
  5925 | D:6      | Reached **** piety under Cheibriados
  6044 | D:6      | Reached skill level 5 in Invocations
  6107 | D:6      | Reached skill level 5 in Fighting
  6107 | D:6      | Reached skill level 5 in Dodging
  6373 | D:6      | Reached skill level 6 in Unarmed Combat
  6560 | D:6      | Reached XP level 9. HP: 65/68 MP: 13/13
  6567 | D:6      | Reached ***** piety under Cheibriados
  6883 | D:7      | Noticed Dowan
  6885 | D:7      | Noticed Duvessa
  6892 | D:7      | Killed Dowan
  6902 | D:7      | Killed Duvessa
  7086 | D:7      | Identified the +7 dagger of the Heavens {vorpal, rPois rN+
                  | Str+6 Dex-3}
  7217 | D:7      | Noticed a troll
  7223 | D:7      | Killed a troll
  7341 | D:7      | Noticed a four-headed hydra
  7507 | D:7      | Found Hupruili's Antique Armour Shop.
  7511 | D:7      | Bought a heavily runed scale mail for 180 gold pieces
  7511 | D:7      | Identified the +1 scale mail "Udinuleu" {+Inv Will- Str+2}
                  | (You bought it in a shop on level 7 of the Dungeon)
  7511 | D:7      | Bought a shiny scale mail for 140 gold pieces
  7541 | D:7      | Noticed Harold
  7556 | D:7      | Killed Harold
  7557 | D:7      | Reached skill level 5 in Armour
  7557 | D:7      | Reached skill level 7 in Unarmed Combat
  7563 | D:7      | HP: 1/69 [four-headed hydra (5)]
  7566 | D:7      | Slain by a four-headed hydra

Illustrated notes

Levels and vault maps discovered:
D:1:      dpeg_arrival_tiny_a, layout_basic, basic_ecumenical_altar,
          serial_bayou_crossing
D:2:      layout_rooms, basic_altar, hangedman_abyss_or_decor_stabs
D:3:      cheibrodos_greedy_goblins, layout_basic, lightli_temple_of_fire,
          nicolae_ru_sacrificial_ziggurat, serial_park_tiny_2
D:4:      layout_loops_ring, grunt_temple_overflow_order_and_chaos_1,
          nemelex_dance_club_becter, nicolae_gozag_seed_capital, minitemple,
          temple_statues, serial_undead, serial_undead_c, serial_undead_b,
          serial_undead_f, serial_undead_f, serial_undead_f, serial_undead_b,
          serial_undead_a, serial_undead_a, serial_undead_b, serial_undead_a
D:5:      layout_loops_ring, kennysheep_mini, chequers_serial_rivers_room_a,
          uniq_edmund
D:6:      layout_loops_ring, minmay_increasing_density, uniq_sigmund
D:7:      layout_loops_ring, serial_shops, nicolae_shop_stone, kb_rosetta,
          uniq_duvessa, uniq_harold
Temple:   bh_familiar_temple

Skill      XL: |  1  2  3  4  5  6  7  8  9 |
---------------+----------------------------+-----
Axes           | 3 |  3.0
Unarmed Combat | 1 2 3 4 6 7 |  7.3
Dodging        | 3 4 5 |  5.9
Armour         | 1 2 3 4 5 |  5.0
Invocations    | 1 2 4 5 6 |  6.9
Fighting       | 3 4 5 6 |  6.1
Throwing       | 2 |  2.4

Action                   |  1- 3 |  4- 6 |  7- 9 || total
-------------------------+-------+-------+-------++-------
Melee: War axe           |    91 |       |       ||    91
       Unarmed           |    41 |   214 |   289 ||   544
       Kick              |    19 |    89 |   149 ||   257
       Punch             |       |     3 |    13 ||    16
Throw: Throwing net      |     1 |       |     4 ||     5
Invok: Bend Time         |       |       |     3 ||     3
       Slouch            |       |       |     3 ||     3
Evoke: Wand              |       |     1 |     4 ||     5
  Use: Scroll            |       |     2 |    13 ||    15
       Potion            |       |     1 |     5 ||     6
 Stab: Held in net/web   |       |       |     4 ||     4
Armor: Leather armour    |     4 |       |       ||     4
       Ring mail         |    49 |    77 |    48 ||   174
       Scale mail        |       |       |    10 ||    10
Dodge: Dodged            |    83 |   128 |   186 ||   397

Table legend: (Time is in decaauts)
 A = Elapsed time spent in this place.
 B = Non-inter-level travel time spent in this place.
 C = Inter-level travel time spent in this place.
 D = Time resting spent in this place.
 E = Time spent auto-exploring this place.
 F = Levels seen in this place.
 G = Mean time per level.
                   A        B        C        D        E       F      G
               +--------+--------+--------+--------+--------+-----+--------+
         Total |   9332 |   9024 |    308 |   2186 |   4675 |   8 | 1166.5 |
       Dungeon |   9067 |   8800 |    267 |   2186 |   4675 |   7 | 1295.3 |
        Temple |    265 |    225 |     40 |      0 |      0 |   1 |  265.0 |
               +--------+--------+--------+--------+--------+-----+--------+

Top non-repeatable levels by time:
     D:4: 1841 daAuts
     D:6: 1660 daAuts
     D:5: 1648 daAuts
     D:3: 1302 daAuts
     D:1: 1197 daAuts
     D:2: 725 daAuts
     D:7: 691 daAuts
  Temple: 265 daAuts
